[ PARTIDA AOE2 · #477750348 ]
UnrankedBúlgaros vs Malay
[ ANÁLISIS DE REPETICIÓN · EXTRAÍDO DE LA PARTIDA GRABADA ]
Feudal
10:17
Castillos
—
Imperial
—
| APM promedio | 59.0 |
| APM pico | 81 |
| eAPM promedio | 24.4 |
| Aldeanos / militares | 43 / 16 |
Foco
⚔️ 24.8% · 🌾 75.2%
Spearman ×8 · Skirmisher ×8
Feudal
9:21
Castillos
—
Imperial
—
| APM promedio | 37.5 |
| APM pico | 61 |
| eAPM promedio | 16.6 |
| Aldeanos / militares | 41 / 20 |
Foco
⚔️ 36.3% · 🌾 63.7%
Archer ×20
Feudal
10:08
Castillos
13:42
Imperial
—
| APM promedio | 53.9 |
| APM pico | 82 |
| eAPM promedio | 18.7 |
| Aldeanos / militares | 26 / 4 |
Foco
⚔️ 56.5% · 🌾 43.5%
Archer ×4
Feudal
8:51
Castillos
—
Imperial
—
| APM promedio | 46.5 |
| APM pico | 75 |
| eAPM promedio | 16.3 |
| Aldeanos / militares | 61 / 0 |
Foco
⚔️ 18.7% · 🌾 81.3%
Feudal
10:55
Castillos
14:25
Imperial
—
| APM promedio | 69.5 |
| APM pico | 106 |
| eAPM promedio | 32.6 |
| Aldeanos / militares | 28 / 3 |
Foco
⚔️ 50.4% · 🌾 49.6%
Scout Cavalry ×2 · Knight ×1
Feudal
8:53
Castillos
—
Imperial
—
| APM promedio | 76.0 |
| APM pico | 116 |
| eAPM promedio | 42.5 |
| Aldeanos / militares | 56 / 25 |
Foco
⚔️ 23.3% · 🌾 76.7%
Archer ×25
Feudal
9:48
Castillos
13:38
Imperial
—
| APM promedio | 37.3 |
| APM pico | 66 |
| eAPM promedio | 18.1 |
| Aldeanos / militares | 33 / 3 |
Foco
⚔️ 44.2% · 🌾 55.8%
Archer ×2 · Spearman ×1
Feudal
9:32
Castillos
—
Imperial
—
| APM promedio | 70.0 |
| APM pico | 114 |
| eAPM promedio | 19.9 |
| Aldeanos / militares | 40 / 10 |
Foco
⚔️ 25.7% · 🌾 74.3%
Scout Cavalry ×10
Mapa de la partida
Recursos iniciales + cada clic de construcción. Líneas = muros · curvas = relieve. ◆ oro · ⬟ piedra · ● bayas · ✦ reliquia · ◌ hueco del cierre
Tu base· Abierta — hueco de 4t
Base de [FrCo] ClemoL· Abierta — hueco de 6t
Base de Pinguica12· ✓ Cerrada en 13:42 · 13t muro · 4 puerta(s)
Base de Uniics· Abierta — hueco de 6t
Base de YSYSMOOO· Abierta — hueco de 8t
Base de Daniel Chassagnez· Abierta — flanco sin cerrar
Base de KumaraGD· Abierta — flanco sin cerrar
Base de BehCoY· Abierta — flanco sin cerrar
Terreno inicial suavizado · ◌ = hueco del cierre detectado · pasá el cursor para detalles
Inputs por minuto
— Mako - - [FrCo] ClemoL
Build order — Mako
95 acciones detectadas en el replay
| 0:00 | Crear | Villager (Male) |
| 0:00 | Crear | Villager (Male) |
| 0:02 | Construir | House |
| 0:03 | Construir | House |
| 0:10 | Crear | Villager (Male) |
| 0:10 | Crear | Villager (Male) |
| 0:10 | Crear | Villager (Male) |
| 1:34 | Crear | Villager (Male) |
| 1:34 | Crear | Villager (Male) |
| 1:35 | Crear | Villager (Male) |
| 2:01 | Construir | Lumber Camp |
| 2:21 | Crear | Villager (Male) |
| 2:21 | Crear | Villager (Male) |
| 2:27 | Crear | Villager (Male) |
| 2:28 | Crear | Villager (Male) |
| 2:58 | Crear | Villager (Male) |
| 2:58 | Crear | Villager (Male) |
| 3:28 | Construir | House |
| 3:42 | Crear | Villager (Male) |
| 3:42 | Crear | Villager (Male) |
| 4:22 | Crear | Villager (Male) |
| 4:22 | Crear | Villager (Male) |
| 4:22 | Crear | Villager (Male) |
| 4:48 | Construir | House |
| 5:01 | Construir | Barracks |
| 5:11 | Crear | Villager (Male) |
| 5:11 | Crear | Villager (Male) |
| 5:16 | Crear | Villager (Male) |
| 5:16 | Crear | Villager (Male) |
| 5:54 | Crear | Villager (Male) |
| 5:54 | Crear | Villager (Male) |
| 5:54 | Crear | Villager (Male) |
| 6:11 | Construir | Mill |
| 6:38 | Crear | Villager (Male) |
| 6:38 | Crear | Villager (Male) |
| 7:07 | Investigar | Loom |
| 7:09 | Crear | Villager (Male) |
| 7:53 | Investigar | Feudal Age |
| 7:53 | Investigar | Feudal Age |
| 8:00 | Construir | House |
| 8:25 | Construir | House |
| 8:27 | Construir | Palisade Wall |
| 8:31 | Construir | Palisade Wall |
| 9:17 | Crear | Villager (Male) |
| 9:17 | Crear | Villager (Male) |
| 9:54 | Construir | House |
| 9:57 | Construir | House |
| 10:17 | Edad | Edad Feudal |
| 10:19 | Construir | Archery Range |
| 10:22 | Construir | Blacksmith |
| 10:25 | Crear | Villager (Male) |
| 10:38 | Investigar | Double-Bit Axe |
| 10:39 | Crear | Villager (Male) |
| 10:51 | Construir | Farm |
| 11:08 | Investigar | Fletching |
| 11:11 | Crear | Skirmisher |
| 11:12 | Crear | Skirmisher |
| 11:14 | Construir | Farm |
| 11:17 | Construir | Farm |
| 11:17 | Crear | Villager (Male) |
| 11:33 | Investigar | Padded Archer Armor |
| 11:37 | Construir | Mining Camp |
| 11:49 | Crear | Skirmisher |
| 12:03 | Crear | Skirmisher |
| 12:10 | Construir | Farm |
| 12:12 | Construir | Farm |
| 12:17 | Crear | Skirmisher |
| 12:23 | Crear | Spearman |
| 12:31 | Crear | Villager (Male) |
| 12:33 | Construir | Farm |
| 12:33 | Crear | Villager (Male) |
| 12:34 | Crear | Villager (Male) |
| 12:40 | Construir | House |
| 12:53 | Crear | Spearman |
| 12:57 | Construir | Farm |
| 13:08 | Crear | Villager (Male) |
| 13:10 | Construir | House |
| 13:29 | Crear | Spearman |
| 13:30 | Crear | Spearman |
| 13:40 | Crear | Skirmisher |
| 13:41 | Crear | Skirmisher |
| 13:42 | Crear | Spearman |
| 14:09 | Crear | Spearman |
| 14:15 | Crear | Villager (Male) |
| 14:29 | Crear | Spearman |
| 14:30 | Crear | Spearman |
| 14:46 | Crear | Skirmisher |
| 14:52 | Construir | Farm |
| 15:09 | Crear | Villager (Male) |
| 15:09 | Crear | Villager (Male) |
| 15:29 | Crear | Villager (Male) |
| 15:32 | Construir | House |
| 15:35 | Construir | Farm |
| 15:48 | Construir | House |
| 15:49 | Crear | Villager (Male) |
Build order — [FrCo] ClemoL
91 acciones detectadas en el replay
| 0:01 | Crear | Villager (Male) ×4 |
| 0:01 | Crear | Villager (Male) ×4 |
| 0:02 | Construir | House |
| 0:04 | Construir | House |
| 1:27 | Crear | Villager (Male) |
| 1:27 | Crear | Villager (Male) |
| 1:48 | Construir | Lumber Camp |
| 1:59 | Crear | Villager (Male) |
| 2:00 | Crear | Villager (Male) |
| 2:14 | Crear | Villager (Male) |
| 2:15 | Crear | Villager (Male) |
| 2:56 | Crear | Villager (Male) |
| 2:56 | Crear | Villager (Male) |
| 3:14 | Crear | Villager (Male) |
| 3:14 | Crear | Villager (Male) |
| 3:43 | Crear | Villager (Male) |
| 3:43 | Crear | Villager (Male) |
| 3:58 | Construir | House |
| 3:59 | Construir | House |
| 4:13 | Crear | Villager (Male) |
| 4:48 | Crear | Villager (Male) |
| 4:55 | Crear | Villager (Male) |
| 5:26 | Crear | Villager (Male) |
| 5:56 | Construir | Mining Camp |
| 6:00 | Crear | Villager (Male) |
| 6:39 | Crear | Villager (Male) |
| 6:48 | Construir | Lumber Camp |
| 7:09 | Crear | Villager (Male) |
| 7:33 | Investigar | Loom |
| 7:33 | Investigar | Loom |
| 8:03 | Investigar | Feudal Age |
| 8:03 | Investigar | Feudal Age |
| 8:18 | Construir | Barracks |
| 9:03 | Construir | House |
| 9:21 | Edad | Edad Feudal |
| 9:22 | Crear | Villager (Male) |
| 9:28 | Construir | Archery Range |
| 9:38 | Construir | Archery Range |
| 9:48 | Crear | Villager (Male) |
| 10:08 | Crear | Villager (Male) |
| 10:28 | Crear | Villager (Male) |
| 10:31 | Construir | House |
| 10:37 | Crear | Archer |
| 10:37 | Crear | Archer |
| 10:40 | Crear | Villager (Male) |
| 10:56 | Construir | Mill |
| 11:08 | Crear | Archer |
| 11:09 | Crear | Archer |
| 11:10 | Crear | Villager (Male) |
| 11:15 | Construir | House |
| 11:16 | Crear | Villager (Male) |
| 11:24 | Construir | Palisade Wall |
| 11:31 | Crear | Villager (Male) |
| 11:32 | Crear | Archer |
| 11:32 | Crear | Archer |
| 11:33 | Crear | Villager (Male) |
| 11:47 | Construir | House |
| 11:52 | Construir | Blacksmith |
| 12:18 | Construir | Farm |
| 12:22 | Construir | Farm |
| 12:27 | Crear | Villager (Male) |
| 12:28 | Crear | Archer |
| 12:28 | Crear | Archer |
| 12:30 | Crear | Archer |
| 12:51 | Construir | Farm |
| 13:02 | Construir | Farm |
| 13:04 | Investigar | Fletching |
| 13:05 | Investigar | Fletching |
| 13:05 | Crear | Archer |
| 13:06 | Crear | Archer |
| 13:07 | Crear | Archer |
| 13:26 | Crear | Archer |
| 13:30 | Crear | Villager (Male) |
| 13:35 | Construir | House |
| 13:40 | Construir | Farm |
| 13:49 | Crear | Archer |
| 13:50 | Crear | Villager (Male) |
| 14:04 | Crear | Archer |
| 14:05 | Crear | Archer |
| 14:14 | Construir | Farm |
| 14:18 | Crear | Archer |
| 14:33 | Crear | Archer |
| 14:34 | Crear | Villager (Male) |
| 14:38 | Construir | Farm |
| 14:42 | Crear | Archer |
| 14:47 | Crear | Villager (Male) |
| 15:18 | Construir | Farm |
| 15:21 | Construir | House |
| 15:37 | Investigar | Wheelbarrow |
| 15:37 | Investigar | Wheelbarrow |
| 15:55 | Crear | Archer |
Build order — Pinguica12
56 acciones detectadas en el replay
| 0:03 | Crear | Villager (Male) ×4 |
| 0:04 | Construir | House |
| 0:05 | Construir | House |
| 1:20 | Crear | Villager (Male) |
| 1:57 | Construir | Lumber Camp |
| 2:03 | Crear | Villager (Male) |
| 2:03 | Crear | Villager (Male) |
| 2:04 | Crear | Villager (Male) |
| 2:22 | Crear | Villager (Male) |
| 2:51 | Crear | Villager (Male) |
| 3:39 | Crear | Villager (Male) |
| 3:40 | Crear | Villager (Male) |
| 3:59 | Construir | House |
| 4:01 | Crear | Villager (Male) |
| 4:18 | Crear | Villager (Male) |
| 4:50 | Crear | Villager (Male) |
| 4:51 | Crear | Villager (Male) |
| 5:20 | Crear | Villager (Male) |
| 5:35 | Crear | Villager (Male) |
| 6:17 | Construir | House |
| 6:30 | Construir | Mill |
| 6:36 | Crear | Villager (Male) |
| 6:36 | Crear | Villager (Male) |
| 7:15 | Construir | Mining Camp |
| 7:54 | Investigar | Feudal Age |
| 8:24 | Construir | House |
| 8:27 | Construir | Palisade Wall |
| 10:08 | Edad | Edad Feudal |
| 10:12 | Crear | Villager (Male) |
| 10:12 | Crear | Villager (Male) |
| 10:14 | Construir | Market |
| 10:19 | Construir | Blacksmith |
| 11:02 | Investigar | Castle Age |
| 11:05 | Construir | Palisade Gate |
| 11:20 | Investigar | Double-Bit Axe |
| 11:21 | Investigar | Double-Bit Axe |
| 11:42 | Investigar | Loom |
| 12:13 | Construir | Barracks |
| 12:16 | Investigar | Fletching |
| 12:19 | Investigar | Padded Archer Armor |
| 13:14 | Construir | Archery Range |
| 13:42 | Edad | Edad de los Castillos |
| 13:50 | Construir | Archery Range |
| 13:51 | Crear | Villager (Male) |
| 13:57 | Investigar | Crossbowman (upgrade) |
| 14:22 | Construir | Farm |
| 14:22 | Crear | Villager (Male) |
| 14:26 | Crear | Archer |
| 14:37 | Crear | Archer |
| 14:39 | Crear | Villager (Male) |
| 14:45 | Construir | Farm |
| 14:48 | Construir | House |
| 15:01 | Construir | Farm |
| 15:03 | Crear | Villager (Male) |
| 15:06 | Crear | Archer |
| 15:07 | Crear | Archer |
Build order — Uniics
104 acciones detectadas en el replay
| 0:01 | Crear | Villager (Male) |
| 0:01 | Crear | Villager (Male) |
| 0:02 | Construir | House |
| 0:06 | Construir | House |
| 0:08 | Crear | Villager (Male) |
| 0:08 | Crear | Villager (Male) |
| 0:09 | Crear | Villager (Male) |
| 1:30 | Crear | Villager (Male) |
| 1:30 | Crear | Villager (Male) |
| 1:45 | Construir | Lumber Camp |
| 1:57 | Crear | Villager (Male) |
| 2:22 | Crear | Villager (Male) |
| 2:23 | Crear | Villager (Male) |
| 2:35 | Construir | House |
| 2:51 | Crear | Villager (Male) |
| 2:51 | Crear | Villager (Male) |
| 3:15 | Crear | Villager (Male) |
| 3:15 | Crear | Villager (Male) |
| 3:40 | Crear | Villager (Male) |
| 3:41 | Crear | Villager (Male) |
| 4:09 | Crear | Villager (Male) |
| 4:09 | Crear | Villager (Male) |
| 4:10 | Crear | Villager (Male) |
| 4:10 | Crear | Villager (Male) |
| 4:12 | Crear | Villager (Male) |
| 4:12 | Crear | Villager (Male) |
| 4:35 | Construir | Mill |
| 5:01 | Crear | Villager (Male) |
| 5:01 | Crear | Villager (Male) |
| 5:01 | Crear | Villager (Male) |
| 5:10 | Crear | Villager (Male) |
| 5:11 | Crear | Villager (Male) |
| 6:13 | Investigar | Loom |
| 6:38 | Investigar | Feudal Age |
| 6:38 | Investigar | Feudal Age |
| 7:42 | Construir | House |
| 8:17 | Construir | Barracks |
| 8:43 | Crear | Villager (Male) |
| 8:43 | Crear | Villager (Male) |
| 8:51 | Edad | Edad Feudal |
| 8:53 | Construir | Town Center |
| 8:59 | Investigar | Double-Bit Axe |
| 9:30 | Construir | Palisade Wall |
| 9:31 | Construir | Palisade Wall |
| 9:33 | Construir | House |
| 9:35 | Crear | Villager (Male) |
| 9:50 | Investigar | Horse Collar |
| 10:07 | Crear | Villager (Male) |
| 10:29 | Crear | Villager (Male) |
| 10:33 | Construir | Stable |
| 10:36 | Construir | Palisade Wall |
| 10:46 | Crear | Villager (Male) |
| 10:51 | Construir | Farm |
| 10:53 | Construir | Farm |
| 10:57 | Crear | Villager (Male) |
| 11:04 | Crear | Villager (Male) |
| 11:15 | Crear | Villager (Male) |
| 11:24 | Construir | Farm |
| 11:33 | Crear | Villager (Male) |
| 11:38 | Construir | Palisade Wall |
| 11:42 | Construir | Farm |
| 11:46 | Crear | Villager (Male) |
| 11:49 | Construir | Farm |
| 12:02 | Crear | Villager (Male) |
| 12:04 | Construir | Farm |
| 12:13 | Crear | Villager (Male) |
| 12:13 | Crear | Villager (Male) |
| 12:16 | Construir | Farm |
| 12:25 | Construir | House |
| 12:32 | Construir | Farm |
| 12:34 | Crear | Villager (Male) |
| 12:38 | Crear | Villager (Male) |
| 12:41 | Construir | Farm |
| 12:50 | Crear | Villager (Male) |
| 13:05 | Crear | Villager (Male) |
| 13:09 | Construir | Farm |
| 13:09 | Crear | Villager (Male) |
| 13:12 | Construir | Farm |
| 13:28 | Crear | Villager (Male) |
| 13:29 | Crear | Villager (Male) |
| 13:38 | Crear | Villager (Male) |
| 13:41 | Construir | Farm |
| 13:44 | Construir | Farm |
| 13:49 | Crear | Villager (Male) |
| 13:53 | Construir | Farm |
| 13:54 | Construir | Farm |
| 13:55 | Crear | Villager (Male) |
| 13:59 | Crear | Villager (Male) |
| 14:08 | Crear | Villager (Male) |
| 14:14 | Construir | House |
| 14:19 | Construir | Farm |
| 14:36 | Crear | Villager (Male) |
| 14:41 | Construir | House |
| 14:45 | Crear | Villager (Male) |
| 14:49 | Construir | Farm |
| 14:52 | Construir | Farm |
| 14:58 | Crear | Villager (Male) |
| 15:01 | Construir | Farm |
| 15:13 | Crear | Villager (Male) |
| 15:18 | Construir | Stable |
| 15:23 | Crear | Villager (Male) |
| 15:27 | Crear | Villager (Male) |
| 15:53 | Crear | Villager (Male) |
| 15:54 | Crear | Villager (Male) |
Build order — YSYSMOOO
61 acciones detectadas en el replay
| 0:00 | Crear | Villager (Male) |
| 0:01 | Crear | Villager (Male) |
| 0:01 | Crear | Villager (Male) |
| 0:03 | Construir | House |
| 0:04 | Construir | House |
| 0:18 | Crear | Villager (Male) |
| 1:31 | Crear | Villager (Male) |
| 1:31 | Crear | Villager (Male) |
| 2:01 | Crear | Villager (Male) |
| 2:17 | Crear | Villager (Male) |
| 2:19 | Construir | Lumber Camp |
| 2:43 | Crear | Villager (Male) |
| 3:11 | Crear | Villager (Male) |
| 3:11 | Crear | Villager (Male) |
| 3:18 | Construir | House |
| 3:33 | Crear | Villager (Male) |
| 3:33 | Crear | Villager (Male) |
| 4:11 | Crear | Villager (Male) |
| 4:43 | Construir | Mill |
| 4:47 | Crear | Villager (Male) |
| 4:47 | Crear | Villager (Male) |
| 5:15 | Crear | Villager (Male) |
| 5:39 | Construir | House |
| 5:45 | Crear | Villager (Male) |
| 6:04 | Crear | Villager (Male) |
| 6:35 | Crear | Villager (Male) |
| 7:11 | Crear | Villager (Male) |
| 7:36 | Construir | Mining Camp |
| 7:50 | Crear | Villager (Male) |
| 8:12 | Crear | Villager (Male) |
| 8:19 | Investigar | Feudal Age |
| 8:19 | Investigar | Feudal Age |
| 8:37 | Construir | House |
| 9:05 | Construir | Barracks |
| 9:54 | Crear | Villager (Male) |
| 9:54 | Crear | Villager (Male) |
| 10:55 | Edad | Edad Feudal |
| 10:58 | Construir | Stable |
| 10:59 | Construir | Blacksmith |
| 11:20 | Construir | House |
| 11:27 | Construir | Palisade Gate |
| 11:34 | Construir | House |
| 11:39 | Investigar | Double-Bit Axe |
| 11:45 | Investigar | Castle Age |
| 11:45 | Investigar | Castle Age |
| 12:03 | Construir | Lumber Camp |
| 12:45 | Crear | Scout Cavalry |
| 12:48 | Investigar | Horse Collar |
| 12:57 | Construir | House |
| 12:57 | Construir | Palisade Wall |
| 13:35 | Crear | Scout Cavalry |
| 13:53 | Crear | Villager (Male) |
| 13:58 | Construir | House |
| 14:15 | Construir | Farm |
| 14:17 | Construir | Farm |
| 14:25 | Edad | Edad de los Castillos |
| 14:30 | Construir | Monastery |
| 14:36 | Crear | Knight |
| 14:48 | Construir | Town Center |
| 14:51 | Crear | Villager (Male) |
| 15:06 | Crear | Villager (Male) |
Build order — Daniel Chassagnez
116 acciones detectadas en el replay
| 0:01 | Crear | Villager (Male) |
| 0:01 | Crear | Villager (Male) |
| 0:01 | Crear | Villager (Male) |
| 0:02 | Construir | House |
| 0:04 | Construir | House |
| 0:10 | Crear | Villager (Male) |
| 0:10 | Crear | Villager (Male) |
| 1:24 | Crear | Villager (Male) |
| 1:24 | Crear | Villager (Male) |
| 1:45 | Construir | Lumber Camp |
| 2:02 | Crear | Villager (Male) |
| 2:02 | Crear | Villager (Male) |
| 2:22 | Crear | Villager (Male) |
| 2:22 | Crear | Villager (Male) |
| 2:41 | Crear | Villager (Male) |
| 3:23 | Crear | Villager (Male) |
| 3:24 | Crear | Villager (Male) |
| 3:26 | Construir | House |
| 3:37 | Crear | Villager (Male) |
| 3:38 | Crear | Villager (Male) |
| 3:56 | Crear | Villager (Male) |
| 3:56 | Crear | Villager (Male) |
| 4:27 | Crear | Villager (Male) |
| 4:27 | Crear | Villager (Male) |
| 4:47 | Crear | Villager (Male) |
| 4:47 | Crear | Villager (Male) |
| 4:56 | Crear | Villager (Male) |
| 4:56 | Crear | Villager (Male) |
| 4:56 | Crear | Villager (Male) |
| 5:35 | Construir | Mining Camp |
| 5:43 | Crear | Villager (Male) |
| 5:43 | Crear | Villager (Male) |
| 5:59 | Investigar | Loom |
| 6:43 | Investigar | Feudal Age |
| 6:43 | Investigar | Feudal Age |
| 8:09 | Construir | Barracks |
| 8:41 | Construir | House |
| 8:53 | Edad | Edad Feudal |
| 8:59 | Crear | Villager (Male) |
| 9:00 | Crear | Villager (Male) |
| 9:09 | Construir | Archery Range |
| 9:16 | Construir | Archery Range |
| 9:24 | Crear | Villager (Male) |
| 9:26 | Crear | Villager (Male) |
| 9:40 | Crear | Villager (Male) |
| 9:49 | Crear | Villager (Male) |
| 9:52 | Construir | Archery Range |
| 9:57 | Crear | Villager (Male) |
| 9:58 | Crear | Villager (Male) |
| 10:02 | Crear | Archer |
| 10:06 | Crear | Villager (Male) |
| 10:10 | Construir | House |
| 10:20 | Construir | House |
| 10:22 | Crear | Villager (Male) |
| 10:24 | Crear | Archer |
| 10:32 | Crear | Villager (Male) |
| 10:40 | Construir | Mill |
| 10:41 | Crear | Villager (Male) |
| 10:41 | Crear | Villager (Male) |
| 10:47 | Construir | House |
| 10:50 | Crear | Villager (Male) |
| 11:00 | Crear | Villager (Male) |
| 11:03 | Crear | Villager (Male) |
| 11:08 | Investigar | Double-Bit Axe |
| 11:09 | Crear | Villager (Male) |
| 11:09 | Crear | Villager (Male) |
| 11:10 | Crear | Villager (Male) |
| 11:16 | Crear | Archer |
| 11:16 | Crear | Archer |
| 11:29 | Construir | Palisade Gate |
| 11:34 | Crear | Villager (Male) |
| 11:37 | Crear | Villager (Male) |
| 11:47 | Crear | Archer |
| 11:47 | Crear | Archer |
| 11:51 | Crear | Villager (Male) |
| 11:54 | Crear | Villager (Male) |
| 12:09 | Construir | Blacksmith |
| 12:12 | Construir | House |
| 12:13 | Crear | Archer |
| 12:13 | Crear | Archer |
| 12:13 | Crear | Archer |
| 12:18 | Crear | Villager (Male) |
| 12:28 | Crear | Villager (Male) |
| 12:32 | Construir | Farm |
| 12:35 | Crear | Archer |
| 12:35 | Crear | Archer |
| 12:41 | Construir | Farm |
| 12:45 | Construir | Farm |
| 12:47 | Crear | Archer |
| 12:47 | Crear | Archer |
| 12:55 | Investigar | Fletching |
| 12:57 | Crear | Archer |
| 12:57 | Crear | Archer |
| 13:00 | Construir | Farm |
| 13:01 | Crear | Villager (Male) |
| 13:22 | Crear | Archer |
| 13:30 | Construir | Farm |
| 13:31 | Crear | Villager (Male) |
| 13:33 | Crear | Archer |
| 13:33 | Crear | Archer |
| 13:51 | Investigar | Padded Archer Armor |
| 13:55 | Construir | Farm |
| 14:00 | Crear | Archer |
| 14:00 | Crear | Archer |
| 14:12 | Construir | Farm |
| 14:26 | Crear | Archer |
| 14:26 | Crear | Archer |
| 14:29 | Crear | Villager (Male) |
| 14:31 | Construir | House |
| 15:03 | Construir | Farm |
| 15:06 | Crear | Villager (Male) |
| 15:10 | Crear | Archer |
| 15:27 | Crear | Archer |
| 15:27 | Crear | Archer |
| 15:34 | Investigar | Wheelbarrow |
| 15:41 | Construir | House |
Build order — KumaraGD
65 acciones detectadas en el replay
| 0:00 | Crear | Villager (Male) |
| 0:01 | Crear | Villager (Male) |
| 0:04 | Construir | House |
| 0:06 | Construir | House |
| 0:26 | Crear | Villager (Male) |
| 0:27 | Crear | Villager (Male) |
| 0:27 | Crear | Villager (Male) |
| 1:31 | Crear | Villager (Male) |
| 1:31 | Crear | Villager (Male) |
| 1:54 | Construir | Lumber Camp |
| 2:06 | Crear | Villager (Male) |
| 2:23 | Crear | Villager (Male) |
| 2:23 | Crear | Villager (Male) |
| 2:51 | Crear | Villager (Male) |
| 2:51 | Crear | Villager (Male) |
| 3:09 | Crear | Villager (Male) |
| 3:09 | Crear | Villager (Male) |
| 3:51 | Crear | Villager (Male) |
| 3:51 | Crear | Villager (Male) |
| 4:06 | Crear | Villager (Male) |
| 4:06 | Crear | Villager (Male) |
| 4:09 | Construir | House |
| 4:10 | Construir | House |
| 4:27 | Crear | Villager (Male) |
| 4:27 | Crear | Villager (Male) |
| 4:28 | Crear | Villager (Male) |
| 4:58 | Construir | Palisade Wall |
| 5:12 | Construir | Mill |
| 5:28 | Crear | Villager (Male) |
| 5:43 | Crear | Villager (Male) |
| 6:00 | Crear | Villager (Male) |
| 6:31 | Crear | Villager (Male) |
| 6:43 | Crear | Villager (Male) |
| 6:56 | Construir | Mining Camp |
| 7:27 | Construir | Palisade Wall |
| 7:32 | Investigar | Feudal Age |
| 7:41 | Construir | House |
| 8:29 | Crear | Villager (Male) |
| 8:29 | Crear | Villager (Male) |
| 8:34 | Crear | Villager (Male) |
| 8:34 | Crear | Villager (Male) |
| 9:48 | Edad | Edad Feudal |
| 9:54 | Construir | Market |
| 9:57 | Construir | Blacksmith |
| 10:58 | Investigar | Castle Age |
| 10:58 | Investigar | Castle Age |
| 11:13 | Construir | House |
| 11:57 | Investigar | Double-Bit Axe |
| 12:15 | Construir | Barracks |
| 12:19 | Construir | House |
| 12:25 | Investigar | Fletching |
| 12:55 | Crear | Villager (Male) |
| 12:56 | Crear | Villager (Male) |
| 13:14 | Construir | Archery Range |
| 13:21 | Construir | House |
| 13:29 | Crear | Spearman |
| 13:38 | Edad | Edad de los Castillos |
| 13:46 | Investigar | Bow Saw |
| 14:11 | Crear | Villager (Male) |
| 14:38 | Crear | Archer |
| 14:38 | Crear | Archer |
| 14:41 | Construir | House |
| 14:47 | Construir | House |
| 14:53 | Construir | House |
| 14:54 | Construir | House |
Build order — BehCoY
81 acciones detectadas en el replay
| 0:01 | Crear | Villager (Male) |
| 0:01 | Crear | Villager (Male) |
| 0:02 | Construir | House |
| 0:03 | Construir | House |
| 0:07 | Crear | Villager (Male) |
| 0:08 | Crear | Villager (Male) |
| 1:30 | Crear | Villager (Male) |
| 1:54 | Construir | Lumber Camp |
| 1:58 | Crear | Villager (Male) |
| 2:15 | Crear | Villager (Male) |
| 3:05 | Crear | Villager (Male) |
| 3:21 | Crear | Villager (Male) |
| 3:21 | Crear | Villager (Male) |
| 3:34 | Crear | Villager (Male) |
| 3:34 | Crear | Villager (Male) |
| 4:01 | Construir | House |
| 4:20 | Crear | Villager (Male) |
| 4:27 | Construir | Mill |
| 4:45 | Crear | Villager (Male) |
| 4:46 | Crear | Villager (Male) |
| 4:47 | Crear | Villager (Male) |
| 4:47 | Crear | Villager (Male) |
| 4:59 | Crear | Villager (Male) |
| 5:40 | Crear | Villager (Male) |
| 6:11 | Crear | Villager (Male) |
| 6:25 | Crear | Villager (Male) |
| 6:26 | Crear | Villager (Male) |
| 6:27 | Crear | Villager (Male) |
| 6:27 | Crear | Villager (Male) |
| 6:27 | Crear | Villager (Male) |
| 6:36 | Construir | House |
| 6:51 | Investigar | Loom |
| 7:22 | Investigar | Feudal Age |
| 8:40 | Construir | Barracks |
| 9:17 | Crear | Villager (Male) |
| 9:32 | Edad | Edad Feudal |
| 9:33 | Construir | House |
| 9:34 | Construir | Stable |
| 9:38 | Investigar | Double-Bit Axe |
| 9:59 | Crear | Villager (Male) |
| 10:05 | Investigar | Tech 1014 |
| 10:17 | Crear | Scout Cavalry |
| 10:24 | Construir | House |
| 10:34 | Crear | Villager (Male) |
| 10:35 | Crear | Villager (Male) |
| 10:39 | Crear | Scout Cavalry |
| 11:17 | Crear | Scout Cavalry |
| 11:22 | Construir | Blacksmith |
| 11:25 | Construir | Palisade Gate |
| 11:28 | Crear | Villager (Male) |
| 11:42 | Crear | Scout Cavalry |
| 11:50 | Crear | Villager (Male) |
| 11:58 | Construir | Lumber Camp |
| 12:15 | Investigar | Forging |
| 12:16 | Crear | Villager (Male) |
| 12:17 | Crear | Scout Cavalry |
| 12:25 | Construir | House |
| 12:38 | Construir | Pasture |
| 12:45 | Construir | Pasture |
| 12:51 | Crear | Villager (Male) |
| 12:55 | Crear | Scout Cavalry |
| 13:20 | Crear | Villager (Male) |
| 13:30 | Crear | Scout Cavalry |
| 13:45 | Construir | House |
| 13:46 | Construir | House |
| 13:48 | Crear | Villager (Male) |
| 13:52 | Construir | Pasture |
| 14:02 | Crear | Scout Cavalry |
| 14:08 | Construir | Pasture |
| 14:11 | Construir | Pasture |
| 14:18 | Construir | Pasture |
| 14:24 | Crear | Villager (Male) |
| 14:44 | Crear | Villager (Male) |
| 15:10 | Crear | Villager (Male) |
| 15:11 | Crear | Scout Cavalry |
| 15:24 | Construir | Pasture |
| 15:28 | Construir | Pasture |
| 15:30 | Crear | Villager (Male) |
| 15:33 | Crear | Scout Cavalry |
| 15:43 | Crear | Villager (Male) |
| 15:49 | Construir | Pasture |
Cronología de la partida
| 4:58 | KumaraGD · wall_segment Palisade Wall x20 |
| 5:01 | Mako · first_building Barracks |
| 7:27 | KumaraGD · wall_segment Palisade Wall x6 |
| 8:09 | Daniel Chassagnez · first_building Barracks |
| 8:17 | Uniics · first_building Barracks |
| 8:18 | [FrCo] ClemoL · first_building Barracks |
| 8:27 | Mako · wall_segment Palisade Wall x1 |
| 8:27 | Pinguica12 · wall_segment Palisade Wall x13 |
| 8:31 | Mako · wall_segment Palisade Wall x1 |
| 8:40 | BehCoY · first_building Barracks |
| 8:51 | Uniics · age_up feudal |
| 8:53 | Daniel Chassagnez · age_up feudal |
| 9:05 | YSYSMOOO · first_building Barracks |
| 9:09 | Daniel Chassagnez · first_building Archery Range |
| 9:21 | [FrCo] ClemoL · age_up feudal |
| 9:28 | [FrCo] ClemoL · first_building Archery Range |
| 9:30 | Uniics · wall_segment Palisade Wall x1 |
| 9:31 | Uniics · wall_segment Palisade Wall x1 |
| 9:32 | BehCoY · age_up feudal |
| 9:34 | BehCoY · first_building Stable |
| 9:48 | KumaraGD · age_up feudal |
| 10:08 | Pinguica12 · age_up feudal |
| 10:17 | Mako · age_up feudal |
| 10:19 | Mako · first_building Archery Range |
| 10:33 | Uniics · first_building Stable |
| 10:36 | Uniics · wall_segment Palisade Wall x1 |
| 10:52 | KumaraGD · first_market_buy 100 food |
| 10:53 | KumaraGD · first_market_sell 100 wood |
| 10:55 | YSYSMOOO · age_up feudal |
| 10:58 | YSYSMOOO · first_building Stable |
| 11:24 | [FrCo] ClemoL · wall_segment Palisade Wall x6 |
| 11:38 | Uniics · wall_segment Palisade Wall x2 |
| 12:13 | Pinguica12 · first_building Barracks |
| 12:15 | KumaraGD · first_building Barracks |
| 12:57 | YSYSMOOO · wall_segment Palisade Wall x4 |
| 13:14 | Pinguica12 · first_building Archery Range |
| 13:14 | KumaraGD · first_building Archery Range |
| 13:38 | KumaraGD · age_up castle |
| 13:42 | Pinguica12 · age_up castle |
| 14:25 | YSYSMOOO · age_up castle |
| 14:30 | YSYSMOOO · first_building Monastery |
| 14:54 | Pinguica12 · first_market_sell 100 stone |
| 14:55 | Pinguica12 · first_market_buy 100 food |
| 15:07 | KumaraGD · resign |
[ ANÁLISIS IA · 1 CRÉDITO ]
¿Qué pasó realmente en esta partida?
Wolo.gg analiza cada decisión: build order, eco, micro, errores típicos por bracket. Análisis personalizado por WhatsApp o Discord en 30 segundos.
Guía civ
Búlgaros
Perfil
Jugador #4092842